 Dungeon Crawl Stone Soup version 0.30-a0-292-g0f741e3f8e (webtiles) character file.

Game seed: 1875067704605164589

390 hikkokomori the Trooper (level 6, 0/60 HPs)
             Began as a Gargoyle Berserker on Oct 18, 2022.
             Was a Priest of Trog.
             Slain by a water moccasin (1 damage)
             ... on level 5 of the Dungeon.
             The game lasted 00:04:31 (2742 turns).

hikkokomori the Trooper (Gargoyle Berserker)        Turns: 2742, Time: 00:04:31

Health: 0/60       AC:  7    Str: 29    XL:     6   Next: 80%
Magic:  6/6        EV: 12    Int: 10    God:    Trog [***...]
Gold:   151        SH:  0    Dex:  9    Spells: 5/5 levels left

rFire   . . .      SeeInvis .    a - +0 hand axe
rCold   x . .      Faith    .    (no shield)
rNeg    + . .      Spirit   .    g - +0 robe of Untold Secrets {rC- Will+ Str+6 Int+3}
rPois   ∞          Reflect  .    (no helmet)
rElec   +          Harm     .    j - +0 cloak
rCorr   .          Rampage  .    (no gloves)
Will    +....                    (no boots)
Stlth   ..........               (no amulet)
HPRegen 0.30/turn                (no ring)
MPRegen 0.10/turn                (no ring)

@: berserking, very quick
A: sickness immunity, AC +4, negative energy resistance 1, electricity
resistance, torment resistance 1, petrification resistance
a: Renounce Religion, Berserk, Trog's Hand


You were on level 5 of the Dungeon.
You worshipped Trog.
Trog was most pleased with you.
You visited 1 branch of the dungeon, and saw 5 of its levels.

You collected 151 gold pieces.

Inventory:

Hand Weapons
 a - a +0 hand axe (weapon)
Missiles
 s - 3 atropa-tipped darts (quivered)
Armour
 b - a +0 animal skin
 g - the +0 robe of Untold Secrets (worn) {rC- Will+ Str+6 Int+3}
   (You found it on level 2 of the Dungeon)

   Str:       It affects your strength (+6).
   Int:       It affects your intelligence (+3).
   rC:        It makes you vulnerable to cold.
   Will:      It increases your willpower.
 j - a +0 cloak (worn)
Jewellery
 r - a ring of protection from cold
Wands
 c - a wand of paralysis (26)
Scrolls
 f - 3 scrolls of immolation {unknown}
 h - 2 scrolls of silence {unknown}
 k - 4 scrolls of fear {unknown}
 m - 2 scrolls of magic mapping {unknown}
 n - a scroll of fog {unknown}
 q - 4 scrolls of identify
 u - a scroll of brand weapon {unknown}
 v - a scroll of teleportation {unknown}
Potions
 d - 2 potions of cancellation
 e - 4 potions of curing {unknown}
 i - 2 potions of resistance
 l - a potion of degeneration
 o - a potion of brilliance
 p - 4 potions of mutation
 t - a potion of flight {unknown}
 w - a potion of attraction {unknown}


   Skills:
 + Level 5.0 Fighting
 + Level 4.0 Axes
 + Level 4.2 Armour
 + Level 3.1 Dodging


You had 5 spell levels left.
You didn't know any spells.
Your spell library was empty.

Dungeon Overview and Level Annotations

Branches:
Dungeon (5/15)
 Temple: D:4-7

Altars:
Cheibriados
Dithmenos
Gozag
Kikubaaqudgha
Nemelex Xobeh
Vehumet
Wu Jian

Shops:
D:5 [=


Innate Abilities, Weirdness & Mutations

You are immune to sickness and miasma.
Your stone body is resilient. (AC +4)
You are immune to poison.
You resist negative energy. (rN+)
You are resistant to electric shocks. (rElec)
You are resistant to unholy torment.
You are immune to petrification.


Message History

The water moccasin misses you.
You slash the water moccasin!
The water moccasin is almost dead.
The water moccasin bites you. The water moccasin barely misses you.
You closely miss the water moccasin.
The water moccasin is almost dead.
The water moccasin bites you.
You hit the water moccasin but do no damage.
The water moccasin is almost dead.
The water moccasin bites you. x2
* * * LOW HITPOINT WARNING * * *
You hit the water moccasin but do no damage.
The water moccasin is almost dead.
The water moccasin bites you.
* * * LOW HITPOINT WARNING * * *
A red film seems to cover your vision as you go berserk!
You feel yourself moving faster!
You feel mighty!
The water moccasin bites you but does no damage.
The water moccasin bites you.
* * * LOW HITPOINT WARNING * * *
You miss the water moccasin.
The water moccasin is severely wounded.
The water moccasin bites you.
* * * LOW HITPOINT WARNING * * *
You barely miss the water moccasin.
The water moccasin is severely wounded.
The water moccasin bites you.
* * * LOW HITPOINT WARNING * * *
You miss the water moccasin.
The water moccasin is severely wounded.
The water moccasin bites you but does no damage.
Unknown command.
You miss the water moccasin.
The water moccasin is severely wounded.
The water moccasin closely misses you.
Unknown command.
You miss the water moccasin.
The water moccasin is severely wounded.
The water moccasin bites you.
You die...

.#..............#
..._..8.._.###.## .
................# ..##
##......)......<. ...#
##...._...>.∩....
#..###..##...#..<.....
#...#.# ##.)......♣..
#S..# ##.#...♣.∩.♣
##@.#####.#.....♣..
#..................
#..#####.#..........
#.# #....##.......
#.#####..####......#
##........# #####.##
#...##....# #.#
..#.....##########.##
.....................


You could see a water moccasin.

Vanquished Creatures
  A necrophage (D:4)
  An orc priest (D:3)
  4 hounds
  6 adders
  3 worms
  4 dart slugs
  9 orcs
  5 ball pythons
  7 endoplasms
  6 giant cockroaches
  10 goblins
  11 hobgoblins
  8 jackals
  3 quokkas
  6 bats
  4 frilled lizards (D:2)
  5 kobolds
  7 rats
100 creatures vanquished.

Vanquished Creatures (others)
  2 plants (D:3)
2 creatures vanquished.

Grand Total: 102 creatures vanquished

Notes
Turn   | Place    | Note
-------+----------+-------------------------------------------
     0 | D:1      | hikkokomori the Gargoyle Berserker began the quest for the
                  | Orb.
     0 | D:1      | Reached XP level 1. HP: 14/14 MP: 1/1
    21 | D:1      | Reached XP level 2. HP: 14/19 MP: 2/2
   228 | D:1      | Reached XP level 3. HP: 18/23 MP: 3/3
   315 | D:1      | Reached ** piety under Trog
   836 | D:2      | Identified the +0 robe of Untold Secrets {rC- Will+ Str+6
                  | Int+3}
   941 | D:2      | Reached XP level 4. HP: 29/29 MP: 4/4
  1049 | D:2      | Reached skill level 4 in Fighting
  1279 | D:3      | Identified the ring "Kuur" {rElec rCorr Str-2 Int+6 Slay-3}
  1297 | D:3      | Found a snail-covered altar of Cheibriados.
  1471 | D:3      | Found a sparkling altar of Nemelex Xobeh.
  1531 | D:3      | Reached *** piety under Trog
  1546 | D:3      | Reached XP level 5. HP: 33/33 MP: 5/5
  1617 | D:3      | Found an ancient bone altar of Kikubaaqudgha.
  1651 | D:3      | Found a faded altar of an unknown god.
  2238 | D:4      | Reached XP level 6. HP: 36/39 MP: 6/6
  2616 | D:5      | Entered Level 5 of the Dungeon
  2616 | D:5      | Found Doetus's Armour Boutique.
  2616 | D:5      | Found an ornate altar of the Wu Jian Council.
  2616 | D:5      | Found Limil's Jewellery Emporium.
  2616 | D:5      | Found a shadowy altar of Dithmenos.
  2616 | D:5      | Found a radiant altar of Vehumet.
  2617 | D:5      | Found an opulent altar of Gozag.
  2626 | D:5      | Reached skill level 5 in Fighting
  2720 | D:5      | Noticed a water moccasin
  2738 | D:5      | HP: 3/60 [water moccasin (6)]
  2739 | D:5      | HP: 1/60 [water moccasin (2)]
  2742 | D:5      | Slain by a water moccasin

Illustrated notes

Levels and vault maps discovered:
D:1:      mushboom_english_gardens, layout_basic, minmay_tetromino_i2
D:2:      layout_rooms
D:3:      wad_pebble_path, layout_loops_ring, lemuel_doored_altar,
          mainiacjoe_overflow_catwalk, nicolae_kikubaaqudgha_miasma_corner,
          chequers_ecumenical_altar_twisty, kennysheep_path_1, moated_statue,
          serial_bayou_ford_a, minmay_misc_feat_more_columns, st_stairs_6
D:4:      minmay_diamond_boxcup, layout_rooms
D:5:      layout_rooms, mainiacjoe_overflow_cross_hatched,
          grunt_temple_overflow_open, serial_shops, nicolae_square_shop,
          nicolae_shop_trees, shop, shop

Skill      XL: |  1  2  3  4  5  6 |
---------------+-------------------+-----
Axes           | 3 4 |  4.0
Dodging        | 2 3 |  3.1
Armour         | 3 4 |  4.2
Fighting       | 4 5 |  5.0

Action                   |  1- 3 |  4- 6 || total
-------------------------+-------+-------++-------
Melee: Hand axe          |   105 |   225 ||   330
       Punch             |     2 |     3 ||     5
Invok: Berserk           |       |     2 ||     2
  Use: Scroll            |     2 |     3 ||     5
 Stab: Sleeping          |     1 |     1 ||     2
Armor: Animal skin       |    34 |       ||    34
       Robe              |     5 |    96 ||   101
       Skin              |     1 |       ||     1
Dodge: Dodged            |    80 |   155 ||   235

Table legend: (Time is in decaauts)
 A = Elapsed time spent in this place.
 B = Non-inter-level travel time spent in this place.
 C = Inter-level travel time spent in this place.
 D = Time resting spent in this place.
 E = Time spent auto-exploring this place.
 F = Levels seen in this place.
 G = Mean time per level.
                   A        B        C        D        E       F      G
               +--------+--------+--------+--------+--------+-----+--------+
         Total |   2804 |   2717 |     87 |      0 |   2017 |   5 |  560.8 |
       Dungeon |   2804 |   2717 |     87 |      0 |   2017 |   5 |  560.8 |
               +--------+--------+--------+--------+--------+-----+--------+

Top non-repeatable levels by time:
     D:1: 813 daAuts
     D:3: 807 daAuts
     D:4: 598 daAuts
     D:2: 458 daAuts
     D:5: 126 daAuts
